[Event "GER-ch Youth-U12 2024"]
[Site "Willingen"]
[Date "2024.05.23"]
[Round "7"]
[White "Sun, Christopher"]
[Black "Prashanthakumar, Arnesh"]
[Result "1/2-1/2"]
[ECO "C54"]
[WhiteElo "1714"]
[BlackElo "1634"]
[Annotator "NA RC"]
[PlyCount "41"]
[EventDate "2022.06.05"]
[EventType "swiss"]
[EventRounds "9"]
[EventCountry "GER"]
[SourceTitle "playchess.com"]
[Source "ChessBase"]
[SourceQuality "1"]
[TimeControl "40/4500+30:900+30"]

1. e4 e5 2. Nf3 Nc6 3. Bc4 Bc5 4. c3 Nf6 5. d4 exd4 6. cxd4 Bb4+ 7. Nbd2 d5 8. exd5 Nxd5 9. O-O O-O 10. a3 Bxd2 11. Bxd2 Bg4 12. Bc3 Nxc3 13. bxc3 Qf6 14. Be2 Ne7 15. Ne5 Bxe2 16. Qxe2 Rad8 17. Rab1 b6 18. Rfe1 Nc6 19. f4 Nxe5 20. fxe5 Qe6 21. Qf3 1/2-1/2

[Event "GER-ch Youth-U12 2024"]
[Site "Willingen"]
[Date "2024.05.23"]
[Round "7"]
[White "Wagener, Nicolas"]
[Black "Fels, Mattis"]
[Result "0-1"]
[ECO "B47"]
[WhiteElo "1713"]
[BlackElo "1759"]
[Annotator "NA RC"]
[PlyCount "39"]
[EventDate "2022.06.05"]
[EventType "swiss"]
[EventRounds "9"]
[EventCountry "GER"]
[SourceTitle "playchess.com"]
[Source "ChessBase"]
[SourceQuality "1"]
[TimeControl "40/4500+30:900+30"]

1. e4 c5 2. Nc3 e6 3. Nge2 Nc6 4. g3 Qc7 5. Bg2 a6 6. d4 cxd4 7. Nxd4 b5 8. Be3 Bb7 9. f4 Nf6 10. Qe2 h5 11. e5 Ng4 12. O-O-O Rc8 13. Nxc6 Bxc6 14. Bxc6 Qxc6 15. h3 Nxe3 16. Qxe3 b4 17. Qd4 bxc3 18. Rhe1 cxb2+ 19. Qxb2 Ba3 20. Qxa3 0-1

[Event "GER-ch Youth-U12 2024"]
[Site "Willingen"]
[Date "2024.05.23"]
[Round "7"]
[White "Hellriegel, Hannes"]
[Black "Moskalenko, Michael"]
[Result "1-0"]
[ECO "B42"]
[WhiteElo "1701"]
[BlackElo "1574"]
[Annotator "NA RC"]
[PlyCount "77"]
[EventDate "2022.06.05"]
[EventType "swiss"]
[EventRounds "9"]
[EventCountry "GER"]
[SourceTitle "playchess.com"]
[Source "ChessBase"]
[SourceQuality "1"]
[TimeControl "40/4500+30:900+30"]

1. e4 c5 2. Nf3 e6 3. d4 cxd4 4. Nxd4 a6 5. Bd3 Qc7 6. Qe2 d6 7. O-O Nf6 8. c4 Be7 9. Nc3 O-O 10. Be3 Bd7 11. h3 Nc6 12. Nf3 Rac8 13. Na4 Nb4 14. Nb6 Rcd8 15. Nxd7 Nxd7 16. Bb1 Nc5 17. a3 Nb3 18. axb4 Nxa1 19. Ba2 d5 20. exd5 exd5 21. Rxa1 dxc4 22. Bxc4 Bxb4 23. Bd3 h6 24. Nh4 Be7 25. Nf5 Bg5 26. Bxg5 hxg5 27. Ne7+ Qxe7 28. Qxe7 Rxd3 29. Qxb7 Rfd8 30. Qxa6 R3d6 31. Qe2 Rd2 32. Qf3 R2d3 33. Qg4 R3d4 34. Qxg5 R4d5 35. Qg3 Rd3 36. f3 Rb3 37. Qc7 Rbd3 38. Ra7 Rf8 39. b4 1-0

[Event "GER-ch Youth-U12 2024"]
[Site "Willingen"]
[Date "2024.05.23"]
[Round "7"]
[White "Subocz, Barbara"]
[Black "Franke, Moritz"]
[Result "0-1"]
[ECO "B22"]
[WhiteElo "1692"]
[BlackElo "1597"]
[Annotator "NA RC"]
[PlyCount "128"]
[EventDate "2022.06.05"]
[EventType "swiss"]
[EventRounds "9"]
[EventCountry "GER"]
[SourceTitle "playchess.com"]
[Source "ChessBase"]
[SourceQuality "1"]
[TimeControl "40/4500+30:900+30"]

1. e4 c5 2. Nf3 Nc6 3. c3 Nf6 4. e5 Nd5 5. Bc4 Nb6 6. Bb5 d6 7. d4 cxd4 8. cxd4 dxe5 9. Nxe5 Bd7 10. Nxd7 Qxd7 11. Nc3 e6 12. O-O O-O-O 13. Qf3 a6 14. Bxc6 bxc6 15. a3 Nd5 16. Bd2 Nxc3 17. Qxc3 Qxd4 18. Qxc6+ Kb8 19. Be3 Qd6 20. Qc3 Qd5 21. Rfc1 Bd6 22. Rab1 Rc8 23. Qd4 Rxc1+ 24. Rxc1 Qxd4 25. Bxd4 f6 26. Rd1 Rd8 27. g3 Kb7 28. Bc3 Bc7 29. Rb1 Rd5 30. b4 Rd3 31. Bb2 Rb3 32. Kg2 Be5 33. Kh3 Rxb2 34. Rxb2 Bxb2 35. a4 Kb6 36. Kg4 Kc6 37. Kf4 Kd5 38. b5 axb5 39. axb5 Kc5 40. b6 Kxb6 41. Ke3 Kc5 42. Kf4 Kd5 43. h4 Bc1+ 44. Kg4 Ke5 45. f4+ Ke4 46. Kh5 Kf5 47. g4+ Kxf4 48. g5 fxg5 49. hxg5 Kf5 50. g6 hxg6+ 51. Kh4 e5 52. Kg3 e4 53. Kf2 e3+ 54. Ke1 Kf4 55. Ke2 g5 56. Kd1 Kf3 57. Ke1 g4 58. Kf1 g3 59. Ke1 g2 60. Kd1 g1=Q+ 61. Kc2 e2 62. Kd3 e1=Q 63. Kc4 Qe4+ 64. Kc3 Qge3# 0-1

[Event "GER-ch Youth-U12 2024"]
[Site "Willingen"]
[Date "2024.05.23"]
[Round "7"]
[White "Leonhardt, Max"]
[Black "Grabowski, Joshua"]
[Result "1/2-1/2"]
[ECO "E01"]
[WhiteElo "1691"]
[BlackElo "1532"]
[Annotator "NA RC"]
[PlyCount "110"]
[EventDate "2022.06.05"]
[EventType "swiss"]
[EventRounds "9"]
[EventCountry "GER"]
[SourceTitle "playchess.com"]
[Source "ChessBase"]
[SourceQuality "1"]
[TimeControl "40/4500+30:900+30"]

1. Nf3 d5 2. g3 c5 3. Bg2 Nc6 4. c4 e6 5. cxd5 exd5 6. d4 Nf6 7. O-O cxd4 8. Nxd4 Bc5 9. Nb3 Be7 10. Bg5 O-O 11. e3 h6 12. Bxf6 Bxf6 13. a3 Bxb2 14. Ra2 Bf6 15. Bxd5 Bf5 16. Bg2 Be6 17. Rd2 Qb6 18. Nd4 Nxd4 19. exd4 Bb3 20. Qf3 Bc4 21. Rc1 Ba6 22. Qc3 Kh7 23. Bh3 Rad8 24. Rcd1 Qc6 25. Qxc6 bxc6 26. Bg2 Rc8 27. Rc1 Rfd8 28. Bxc6 Rxd4 29. Rxd4 Bxd4 30. Be4+ g6 31. Rxc8 Bxc8 32. Nd2 Bc5 33. a4 Bb4 34. Nc4 a5 35. Ne5 Kg7 36. Bc2 Kf6 37. f4 Bc3 38. Nc4 Ba6 39. Ne3 Bd4 40. Kf2 g5 41. Kf3 Bb7+ 42. Be4 Bxe4+ 43. Kxe4 Bxe3 44. Kxe3 Kf5 45. fxg5 hxg5 46. h3 Ke5 47. Kf3 Kf5 48. h4 gxh4 49. gxh4 Kg6 50. Kg4 f5+ 51. Kf4 Kh5 52. Kxf5 Kxh4 53. Kf4 Kh5 54. Ke5 Kg6 55. Ke6 Kg7 1/2-1/2

[Event "GER-ch Youth-U12 2024"]
[Site "Willingen"]
[Date "2024.05.23"]
[Round "7"]
[White "Balashvili, Amiran"]
[Black "Chua, Daniel James"]
[Result "1-0"]
[ECO "B76"]
[WhiteElo "1682"]
[BlackElo "1751"]
[Annotator "NA RC"]
[PlyCount "165"]
[EventDate "2022.06.05"]
[EventType "swiss"]
[EventRounds "9"]
[EventCountry "GER"]
[SourceTitle "playchess.com"]
[Source "ChessBase"]
[SourceQuality "1"]
[TimeControl "40/4500+30:900+30"]

1. e4 c5 2. Nf3 d6 3. d4 cxd4 4. Nxd4 Nf6 5. Nc3 g6 6. f3 Bg7 7. Be3 O-O 8. Qd2 Nc6 9. g4 Be6 10. O-O-O d5 11. Qf2 Nxd4 12. Bxd4 Qa5 13. g5 Nd7 14. Bxg7 Kxg7 15. exd5 Bf5 16. Bd3 Bxd3 17. Rxd3 b5 18. Kb1 Rac8 19. Ne4 Rc4 20. Rd4 Rfc8 21. Rxc4 Rxc4 22. b3 Rc8 23. Rd1 Qc7 24. d6 exd6 25. Nxd6 Rd8 26. Nxb5 Qa5 27. Qe2 a6 28. Nd6 Nc5 29. Rd5 Qb6 30. Qe5+ Kg8 31. Ne8 Ne6 32. Nf6+ Kf8 33. Nd7+ Rxd7 34. Rxd7 Ke8 35. Qd5 Qg1+ 36. Kb2 Qxh2 37. Ra7 Kf8 38. Rxa6 Qf4 39. Qd6+ Qxd6 40. Rxd6 Nxg5 41. a4 Ke7 42. Rd3 Ne6 43. a5 Nc5 44. Rd4 h5 45. b4 Na6 46. b5 Nc7 47. b6 Na6 48. b7 g5 49. Rb4 Nb8 50. a6 Nxa6 51. b8=Q Nxb8 52. Rxb8 g4 53. fxg4 hxg4 54. Kc1 f5 55. Rg8 Kf7 56. Rh8 g3 57. Rh1 Ke6 58. Kd2 f4 59. Ke2 Ke5 60. Kf3 Kf5 61. c4 Ke5 62. c5 Kd4 63. c6 Kd3 64. c7 g2 65. Kxg2 Ke2 66. Re1+ Kxe1 67. c8=Q Ke2 68. Qg4+ Ke3 69. Qf3+ Kd4 70. Qxf4+ Kd5 71. Kf3 Kc5 72. Ke3 Kd5 73. Qd4+ Ke6 74. Qc5 Kf6 75. Kf4 Ke6 76. Qe5+ Kd7 77. Qf6 Kc7 78. Ke5 Kd7 79. Qd6+ Kc8 80. Qe7 Kb8 81. Kd6 Ka8 82. Kc6 Kb8 83. Qb7# 1-0

[Event "GER-ch Youth-U12 2024"]
[Site "Willingen"]
[Date "2024.05.23"]
[Round "7"]
[White "Heitmann, Erik"]
[Black "Hepp, Daniel"]
[Result "1/2-1/2"]
[ECO "A13"]
[WhiteElo "1644"]
[BlackElo "1721"]
[Annotator "NA RC"]
[PlyCount "73"]
[EventDate "2022.06.05"]
[EventType "swiss"]
[EventRounds "9"]
[EventCountry "GER"]
[SourceTitle "playchess.com"]
[Source "ChessBase"]
[SourceQuality "1"]
[TimeControl "40/4500+30:900+30"]

1. Nf3 Nf6 2. e3 d5 3. c4 e6 4. b3 c5 5. cxd5 exd5 6. Bb2 Be7 7. Be2 O-O 8. O-O Nc6 9. d4 cxd4 10. Nxd4 Qb6 11. Na3 Bxa3 12. Bxa3 Nxd4 13. Qxd4 Qxd4 14. exd4 Re8 15. Bd3 Be6 16. Rac1 Rac8 17. f3 Bd7 18. Kf2 Nh5 19. g3 g6 20. Rc5 Bc6 21. Rfc1 Ng7 22. Bb2 Ne6 23. R5c2 a6 24. a4 Bd7 25. f4 f5 26. Rxc8 Rxc8 27. Re1 Kf7 28. h3 Kf6 29. Kf3 h5 30. Re5 Nc7 31. Ba3 Be6 32. Bc5 Na8 33. Re3 Re8 34. b4 Bd7 35. Re5 Bxa4 36. Bb1 Bc6 37. Ba2 1/2-1/2

[Event "GER-ch Youth-U12 2024"]
[Site "Willingen"]
[Date "2024.05.23"]
[Round "7"]
[White "Doeding, Alexander"]
[Black "Obermair, Hannes"]
[Result "0-1"]
[ECO "B22"]
[WhiteElo "1633"]
[BlackElo "1668"]
[Annotator "NA RC"]
[PlyCount "100"]
[EventDate "2022.06.05"]
[EventType "swiss"]
[EventRounds "9"]
[EventCountry "GER"]
[SourceTitle "playchess.com"]
[Source "ChessBase"]
[SourceQuality "1"]
[TimeControl "40/4500+30:900+30"]

1. e4 c5 2. c3 Nf6 3. e5 Nd5 4. Nf3 Nc6 5. Bc4 Nb6 6. Bb3 d6 7. exd6 e6 8. O-O Bxd6 9. d4 cxd4 10. cxd4 O-O 11. Nc3 Be7 12. Bf4 Bf6 13. Nb5 a6 14. Nd6 Be7 15. Ne4 Nd5 16. Bg3 b6 17. a3 Bb7 18. Bc2 Nf6 19. Qd3 Nxe4 20. Qxe4 g6 21. Rad1 Na5 22. Qf4 Bf6 23. Ne5 Bg7 24. Ng4 Rc8 25. Bb1 Nc4 26. Nh6+ Bxh6 27. Qxh6 Nxb2 28. Rde1 Nc4 29. Bh4 Qxd4 30. Be4 Bxe4 31. Rxe4 Qg7 32. Qf4 e5 33. Qg3 f5 34. Re2 h6 35. f4 exf4 36. Qd3 g5 37. Bf2 b5 38. Rfe1 Rcd8 39. Qf3 Nd2 40. Qc6 Rf6 41. Re6 Rxe6 42. Rxe6 Ne4 43. g4 Qa1+ 44. Kg2 f3+ 45. Kxf3 Qd1+ 46. Kg2 Qxg4+ 47. Bg3 Rd2+ 48. Kf1 Qd1+ 49. Be1 Qe2+ 50. Kg1 Qg2# 0-1

[Event "GER-ch Youth-U12 2024"]
[Site "Willingen"]
[Date "2024.05.23"]
[Round "7"]
[White "Hagn, Tobias"]
[Black "Andersen, Jonathan"]
[Result "1/2-1/2"]
[ECO "C45"]
[WhiteElo "1631"]
[BlackElo "1693"]
[Annotator "NA RC"]
[PlyCount "80"]
[EventDate "2022.06.05"]
[EventType "swiss"]
[EventRounds "9"]
[EventCountry "GER"]
[SourceTitle "playchess.com"]
[Source "ChessBase"]
[SourceQuality "1"]
[TimeControl "40/4500+30:900+30"]

1. e4 e5 2. Nf3 Nc6 3. d4 exd4 4. Nxd4 Nf6 5. Nxc6 bxc6 6. e5 Qe7 7. Qe2 Nd5 8. c4 Ba6 9. Qe4 Nb6 10. Nc3 Qe6 11. c5 Bxf1 12. cxb6 Ba6 13. bxc7 Bc5 14. Be3 Bxe3 15. Qxe3 O-O 16. O-O-O Rfc8 17. Rd6 Qe7 18. Rhd1 Rxc7 19. Ne4 Bc4 20. Qc5 Be6 21. Kb1 Re8 22. Ka1 Bf5 23. Ng3 Qxe5 24. Qxe5 Rxe5 25. Nxf5 Rxf5 26. Rxd7 Rxd7 27. Rxd7 Kf8 28. Rd2 Re5 29. Kb1 g5 30. Kc2 Ke7 31. Kd1 Rd5 32. f3 Ke6 33. Ke2 Rxd2+ 34. Kxd2 a5 35. g3 f5 36. Kd3 Kd5 37. h4 gxh4 38. gxh4 a4 39. b4 axb3 40. axb3 Kc5 1/2-1/2

[Event "GER-ch Youth-U12 2024"]
[Site "Willingen"]
[Date "2024.05.23"]
[Round "7"]
[White "Kaza, Charith"]
[Black "Fass, Ben"]
[Result "1-0"]
[ECO "C28"]
[WhiteElo "1503"]
[BlackElo "1027"]
[Annotator "NA RC"]
[PlyCount "111"]
[EventDate "2022.06.05"]
[EventType "swiss"]
[EventRounds "9"]
[EventCountry "GER"]
[SourceTitle "playchess.com"]
[Source "ChessBase"]
[SourceQuality "1"]
[TimeControl "40/4500+30:900+30"]

1. e4 e5 2. Bc4 Nf6 3. Nc3 Bc5 4. d3 Nc6 5. h3 b6 6. Nge2 Bb7 7. O-O O-O 8. a3 Ne7 9. Bg5 Ng6 10. Nd5 Be7 11. Nxe7+ Qxe7 12. Kh1 h6 13. Be3 Rad8 14. f4 d5 15. exd5 Nxd5 16. Bd2 Nh4 17. Bxd5 Bxd5 18. Rg1 Qe6 19. Kh2 Nxg2 20. Rxg2 Bxg2 21. Kxg2 Qg6+ 22. Ng3 exf4 23. Bxf4 Rd5 24. Qg4 Qxg4 25. hxg4 c6 26. Re1 f6 27. Nf5 Rc5 28. c4 Ra5 29. Ne7+ Kf7 30. Nf5 b5 31. Re7+ Kg8 32. Rxg7+ Kh8 33. Bd6 Rg8 34. Rxg8+ Kxg8 35. Bb4 Ra6 36. c5 Kf7 37. Nxh6+ Ke6 38. Nf5 Ke5 39. b3 Kd5 40. Kf3 Ke5 41. Ke3 Kd5 42. Nd6 Ke5 43. Ne8 Rxa3 44. Bxa3 a6 45. b4 Ke6 46. Nc7+ Kd7 47. Nxa6 Kc8 48. Bb2 Kb7 49. Bxf6 Kxa6 50. g5 Kb7 51. g6 Kc7 52. g7 Kd7 53. g8=Q Kc7 54. Qd8+ Kb7 55. Be5 Ka6 56. Qb6# 1-0

[Event "GER-ch Youth-U12 2024"]
[Site "Willingen"]
[Date "2024.05.23"]
[Round "7"]
[White "König, Lian"]
[Black "Schellinger, Florian"]
[Result "0-1"]
[ECO "C54"]
[WhiteElo "1180"]
[BlackElo "863"]
[Annotator "NA"]
[PlyCount "54"]
[EventDate "2022.06.05"]
[EventType "swiss"]
[EventRounds "9"]
[EventCountry "GER"]
[SourceTitle "playchess.com"]
[Source "ChessBase"]
[SourceQuality "1"]
[TimeControl "40/4500+30:900+30"]

1. e4 e5 2. Nf3 Nc6 3. Bc4 Nf6 4. d3 Bc5 5. c3 Bb6 6. O-O d6 7. a3 Bg4 8. Nbd2 O-O 9. h3 Bh5 10. Re1 h6 11. Nf1 a6 12. Ng3 Qd7 13. Nxh5 Nxh5 14. Nxe5 Nxe5 15. Qxh5 Qe7 16. Qd1 Qf6 17. Be3 Bxe3 18. Rxe3 b5 19. Ba2 c5 20. d4 cxd4 21. cxd4 Nc6 22. Bd5 Rac8 23. Bxc6 Rxc6 24. Qd2 Rd8 25. Rg3 d5 26. e5 Qf5 27. Qxh6 Rxh6 0-1

[Event "GER-ch Youth-U12 2024"]
[Site "Willingen"]
[Date "2024.05.24"]
[Round "8"]
[White "Tarasenko, Nazar"]
[Black "Belin, Anton"]
[Result "0-1"]
[ECO "D32"]
[WhiteElo "2061"]
[BlackElo "1948"]
[Annotator "RC"]
[PlyCount "56"]
[EventDate "2022.06.05"]
[EventType "swiss"]
[EventRounds "9"]
[EventCountry "GER"]
[SourceTitle "playchess.com"]
[Source "ChessBase"]
[SourceQuality "1"]
[TimeControl "40/4500+30:900+30"]

1. d4 d5 2. c4 e6 3. Nc3 c5 4. cxd5 exd5 5. Nf3 Nf6 6. Bg5 Be6 7. e3 c4 8. Be2 Be7 9. O-O Nc6 10. Ne5 O-O 11. f4 Ne4 12. Nxc6 bxc6 13. Bxe7 Nxc3 14. bxc3 Qxe7 15. f5 Bd7 16. f6 Qxe3+ 17. Kh1 g6 18. Bg4 Bxg4 19. Qxg4 Rae8 20. Qh4 Re4 21. g4 h5 22. h3 Rfe8 23. Rae1 Qxc3 24. Rxe4 Rxe4 25. Kg2 hxg4 26. hxg4 Qxd4 27. Qh6 Re2+ 28. Kh3 Qd3+ 0-1

[Event "GER-ch Youth-U12 2024"]
[Site "Willingen"]
[Date "2024.05.24"]
[Round "8"]
[White "Zhang, Yibo"]
[Black "Fischermann, Simon"]
[Result "0-1"]
[ECO "C54"]
[WhiteElo "1988"]
[BlackElo "1789"]
[Annotator "ChessBase"]
[PlyCount "112"]
[EventDate "2022.06.05"]
[EventType "swiss"]
[EventRounds "9"]
[EventCountry "GER"]
[SourceTitle "playchess.com"]
[Source "ChessBase"]
[SourceQuality "1"]
[TimeControl "40/4500+30:900+30"]

1. e4 e5 2. Nf3 Nc6 3. Bc4 Nf6 4. d3 Bc5 5. c3 d6 6. b4 Bb6 7. a4 a5 8. b5 Ne7 9. Be3 Bxe3 10. fxe3 c6 11. bxc6 bxc6 12. O-O O-O 13. Nbd2 d5 14. exd5 cxd5 15. Ba2 Qc7 16. c4 e4 17. dxe4 dxe4 18. Ng5 Qe5 19. Rxf6 Qxf6 20. Ndxe4 Qg6 21. Bb1 f5 22. h4 h6 23. h5 Qc6 24. c5 hxg5 25. Nxg5 Qxc5 26. Ba2+ Kh8 27. Nf7+ Rxf7 28. Bxf7 Qxe3+ 29. Kh2 Qe5+ 30. Kh1 Bb7 31. h6 Qg3 32. hxg7+ Kxg7 33. Qe2 Qh4+ 34. Kg1 Qd4+ 35. Kh2 Rh8+ 36. Bh5 Qh4+ 37. Kg1 Rxh5 38. Ra3 Qh1+ 39. Kf2 Qxg2+ 40. Ke1 Qxe2+ 41. Kxe2 Kf6 42. Re3 f4 43. Rb3 Rh2+ 44. Kf1 Be4 45. Kg1 Rg2+ 46. Kf1 Nd5 47. Ke1 Ne3 48. Rb6+ Kg5 49. Rg6+ Kh4 50. Rh6+ Kg4 51. Rg6+ Kf5 52. Rf6+ Ke5 53. Re6+ Kd5 54. Re5+ Kc4 55. Rxe4+ Kb3 56. Rb4+ axb4 0-1

[Event "GER-ch Youth-U12 2024"]
[Site "Willingen"]
[Date "2024.05.24"]
[Round "8"]
[White "Li, Yunqi"]
[Black "Nezhyvenko, Mykhaylo"]
[Result "1/2-1/2"]
[ECO "B13"]
[WhiteElo "1940"]
[BlackElo "2075"]
[Annotator "RC"]
[PlyCount "40"]
[EventDate "2022.06.05"]
[EventType "swiss"]
[EventRounds "9"]
[EventCountry "GER"]
[SourceTitle "playchess.com"]
[Source "ChessBase"]
[SourceQuality "1"]
[TimeControl "40/4500+30:900+30"]

1. e4 c6 2. d4 d5 3. exd5 cxd5 4. c4 Nf6 5. Nc3 Nc6 6. Bg5 dxc4 7. d5 Ne5 8. Qd4 Ng6 9. Bxc4 h6 10. Be3 e5 11. dxe6 Bxe6 12. Bxe6 Qxd4 13. Bxd4 fxe6 14. Nf3 Bb4 15. O-O Bxc3 16. Bxc3 Kf7 17. Ne5+ Nxe5 18. Bxe5 Rhd8 19. Rac1 Rac8 20. h3 Nd5 1/2-1/2

[Event "GER-ch Youth-U12 2024"]
[Site "Willingen"]
[Date "2024.05.24"]
[Round "8"]
[White "Bundan, Edward"]
[Black "Sheng, Ming"]
[Result "0-1"]
[ECO "B11"]
[WhiteElo "1897"]
[BlackElo "2031"]
[Annotator "RC"]
[PlyCount "68"]
[EventDate "2022.06.05"]
[EventType "swiss"]
[EventRounds "9"]
[EventCountry "GER"]
[SourceTitle "playchess.com"]
[Source "ChessBase"]
[SourceQuality "1"]
[TimeControl "40/4500+30:900+30"]

1. e4 c6 2. Nc3 d5 3. Nf3 Bg4 4. h3 Bxf3 5. Qxf3 e6 6. d3 Nd7 7. a3 Bc5 8. g3 Ne7 9. Bg2 O-O 10. O-O a5 11. Rb1 a4 12. Qe2 Qb6 13. Kh2 d4 14. Na2 Bxa3 15. bxa3 Qxb1 16. Nb4 Rae8 17. Qg4 Ng6 18. h4 c5 19. h5 cxb4 20. hxg6 fxg6 21. Qe2 b3 22. cxb3 Qxb3 23. f4 e5 24. Bh3 Nc5 25. Rd1 Qb5 26. f5 gxf5 27. Bxf5 g6 28. Qg4 Qc6 29. Bh6 Rf7 30. Rc1 b6 31. Rf1 Nxd3 32. Kh3 Nc5 33. Qg5 Ne6 34. Qg4 Ng7 0-1

[Event "GER-ch Youth-U12 2024"]
[Site "Willingen"]
[Date "2024.05.24"]
[Round "8"]
[White "Hoppe, Arthur"]
[Black "Levytskyi, Oleksandr"]
[Result "1-0"]
[ECO "C54"]
[WhiteElo "1859"]
[BlackElo "1467"]
[Annotator "NA RC"]
[PlyCount "49"]
[EventDate "2022.06.05"]
[EventType "swiss"]
[EventRounds "9"]
[EventCountry "GER"]
[SourceTitle "playchess.com"]
[Source "ChessBase"]
[SourceQuality "1"]
[TimeControl "40/4500+30:900+30"]

1. e4 e5 2. Nf3 Nc6 3. Bc4 Bc5 4. c3 Nf6 5. d3 O-O 6. O-O h6 7. a4 {[%emt 0:00:00] C54: Giuoco Piano: 4 c3 Nf6, main lines with 5 d4 and 5 d3.} d5 8. exd5 Nxd5 9. Re1 Nb6 10. Ba2 a5 11. Be3 Bd6 12. Bxb6 cxb6 13. h3 Qf6 14. Nbd2 Bc7 15. Ne4 Qe7 16. d4 exd4 {[%emt 0:09:32] [#]} 17. Neg5 Qd8 $2 (17... Qf6 $1 $11 18. Ne4 Qf4) 18. Nxf7 Rxf7 19. Qb3 Be6 20. Qxe6 Qf6 21. Qxf6 gxf6 $18 22. Nxd4 Nxd4 23. Re7 Raf8 24. cxd4 Bd8 25. Rd7 1-0

[Event "GER-ch Youth-U12 2024"]
[Site "Willingen"]
[Date "2024.05.24"]
[Round "8"]
[White "Junge, Mattheo Gabriel"]
[Black "Marynychenko, Yehor"]
[Result "0-1"]
[ECO "B30"]
[WhiteElo "1817"]
[BlackElo "1896"]
[Annotator "NA RC"]
[PlyCount "128"]
[EventDate "2022.06.05"]
[EventType "swiss"]
[EventRounds "9"]
[EventCountry "GER"]
[SourceTitle "playchess.com"]
[Source "ChessBase"]
[SourceQuality "1"]
[TimeControl "40/4500+30:900+30"]

1. e4 c5 2. Nf3 Nc6 3. Bb5 Nd4 4. Nxd4 cxd4 5. O-O a6 6. Bc4 {[%emt 0:00:00] B30: Sicilian: 2...Nc6 3 Bb5, lines without ...g6.} e6 7. d3 d6 8. a4 Nf6 9. Bb3 Be7 10. f4 O-O 11. Nd2 Nd7 12. Nf3 Bf6 13. a5 Nc5 14. Bd2 Nxb3 15. cxb3 Bd7 16. Bb4 Bb5 17. Kh1 ({White should try} 17. g4 $11) 17... Re8 18. e5 dxe5 19. fxe5 Be7 20. Bxe7 Rxe7 21. Qe2 Qd5 22. Nd2 Bc6 23. Nc4 Rf8 24. Rf4 (24. b4 $11) 24... f5 25. exf6 gxf6 26. Raf1 Rg7 27. Rg4 Rff7 28. Rff4 h5 29. Rxd4 hxg4 30. Rxd5 exd5 31. Nd6 Re7 32. Qf2 Re6 33. Nf5 Rg5 $1 34. Nd4 Re8 35. g3 Kf7 36. b4 Rge5 37. Qf4 Bb5 38. Qxg4 Bxd3 39. Kg2 Bg6 40. h4 (40. Kf2 $16) 40... R8e7 41. Qd1 Re1 42. Qb3 Be4+ 43. Kf2 Rh1 44. Qc3 Rd1 45. Ke2 Rd3 46. Qxd3 Bxd3+ 47. Kxd3 Re4 48. b5 axb5 49. b3 $19 (49. Nxb5 {was forced.} Ke6 50. Nd4+ Ke5 51. Nf3+ Kd6 52. Nd4) 49... Rg4 50. Nxb5 Rxg3+ 51. Kd4 Rxb3 52. Kc5 f5 53. Nd4 Ra3 54. Kb4 Ra1 55. Nxf5 Ke6 56. Nd4+ Ke5 57. Nf3+ Ke4 58. Nd2+ Ke3 59. Nb3 Rh1 60. Kb5 Rb1 61. Kb4 d4 62. h5 d3 63. h6 d2 64. h7 Rh1 0-1

[Event "GER-ch Youth-U12 2024"]
[Site "Willingen"]
[Date "2024.05.24"]
[Round "8"]
[White "Peglau, Paul David"]
[Black "Rodriguez Klasen, Ennio"]
[Result "1/2-1/2"]
[ECO "B25"]
[WhiteElo "1806"]
[BlackElo "1802"]
[Annotator "NA RC"]
[PlyCount "107"]
[EventDate "2022.06.05"]
[EventType "swiss"]
[EventRounds "9"]
[EventCountry "GER"]
[SourceTitle "playchess.com"]
[Source "ChessBase"]
[SourceQuality "1"]
[TimeControl "40/4500+30:900+30"]

1. e4 c5 2. Nf3 Nc6 3. g3 d6 4. Bg2 Nf6 5. d3 g6 6. O-O Bg7 7. Nc3 O-O 8. h3 {[%emt 0:00:00] 8.Re1 injects fresh life into this line.} a6 9. a4 Rb8 10. Nd2 {[%emt 0:05:14] B25: Closed Sicilian: 3 g3, lines without early Be3.} Nh5 11. Kh2 Nd4 $146 ({Predecessor:} 11... e5 12. Nc4 Be6 13. Nd5 b5 14. axb5 axb5 15. Ra6 bxc4 16. Rxc6 Bxd5 17. exd5 cxd3 18. Qxd3 {1-0 Lupu,M (2430)-Grawe,P Staufer op 06th 1994 (3)}) 12. f4 e5 13. Nf3 exf4 14. gxf4 Nxf3+ 15. Qxf3 f5 16. Ne2 Bd7 17. Ng3 Nxg3 18. Qxg3 Bc6 19. c3 Qd7 20. a5 Rbe8 21. Re1 c4 22. Bd2 cxd3 23. Qxd3 fxe4 24. Bxe4 d5 25. Bg2 Qd6 26. Rxe8 Rxe8 27. Rf1 Rd8 28. Qg3 Rf8 29. Kh1 d4 30. cxd4 Qxd4 31. Bc3 Bxg2+ 32. Qxg2 Qd7 33. Bxg7 Qxg7 34. Qd2 Qc7 35. b4 Qc4 36. Rf2 Qc6+ 37. Kh2 Qc7 38. Kg3 Rd8 39. Qc2 Qxc2 40. Rxc2 Rd7 41. Rc5 Kf7 42. b5 axb5 43. Rxb5 h6 44. Kg4 Rc7 45. h4 Kf6 46. h5 gxh5+ $11 47. Kxh5 Rc4 48. Kg4 Rc7 49. Rb6+ Kg7 50. f5 Rd7 51. f6+ Kf7 52. Kh5 Rd5+ 53. Kxh6 Rxa5 54. Rxb7+ 1/2-1/2

[Event "GER-ch Youth-U12 2024"]
[Site "Willingen"]
[Date "2024.05.24"]
[Round "8"]
[White "Vartanian, Roman"]
[Black "Zimmer, Tim"]
[Result "0-1"]
[ECO "D58"]
[WhiteElo "1797"]
[BlackElo "1772"]
[Annotator "NA RC"]
[PlyCount "100"]
[EventDate "2022.06.05"]
[EventType "swiss"]
[EventRounds "9"]
[EventCountry "GER"]
[SourceTitle "playchess.com"]
[Source "ChessBase"]
[SourceQuality "1"]
[TimeControl "40/4500+30:900+30"]

1. Nf3 d5 2. d4 Nf6 3. c4 e6 4. Nc3 Be7 5. Bg5 h6 6. Bh4 O-O 7. e3 b6 8. Be2 Bb7 9. O-O Nbd7 10. Qb3 c5 11. cxd5 Nxd5 12. Bg3 Rc8 13. Rfd1 cxd4 14. exd4 N7f6 15. Rac1 Nxc3 16. bxc3 Bd6 17. Ne5 Qe7 18. f3 Nh5 19. Bf2 Nf4 20. Bf1 Bxe5 21. dxe5 Qg5 22. Kh1 Qxe5 23. c4 Bc6 24. c5 Bd5 25. Qa4 bxc5 26. Qxa7 Ra8 27. Qxc5 Rxa2 28. Bg3 Qf6 29. Rc2 Rfa8 30. Bxf4 Qxf4 31. Bd3 g6 32. Rxa2 Rxa2 33. Bc2 Qe5 34. Be4 Ra1 35. Rg1 Rxg1+ 36. Kxg1 Qa1+ 37. Kf2 Qb2+ 38. Kg3 Qb8+ 39. Kh3 Bxe4 40. fxe4 Qf4 41. Qc4 g5 42. g3 Qf3 43. e5 Qf5+ 44. Kg2 Qxe5 45. h4 Qd5+ 46. Qxd5 exd5 47. Kf3 Kg7 48. h5 Kf6 49. g4 Ke5 50. Ke3 d4+ 0-1